[Event "*** Titled Tuesday Blitz"]
[Site "Chess.com"]
[Date "2020.03.03"]
[Round "9"]
[White "mitrabhaa"]
[Black "Indianlad"]
[Result "0-1"]
[WhiteElo "2649"]
[BlackElo "2942"]
[TimeControl "180+1"]
[EndTime "10:43:36 PST"]
[Termination "Indianlad won by resignation"]

1. d4 Nf6 2. Nf3 g6 3. g3 c5 4. Bg2 cxd4 5. Nxd4 Bg7 6. c4 h5 7. h4 Nc6 8. O-O O-O 9. Nc3 Ng4 10.
e3 d6 11. b3 Bd7 12. Bb2 Rc8 13. Qd2 a6 14. Rfd1 Nxd4 15. exd4 b5 16. cxb5 axb5 17. Nd5 e6 18. Nf4 Bh6 19. Re1 Re8 20. Qd3 Bxf4 21. gxf4 Qxh4 22. Qg3 Qxg3 23. fxg3 Rc2 24. Ba3 d5 25. Bc5 Ra8 26. a3 Rc3 27. a4 bxa4 28.
bxa4 Rxa4 29. Rxa4 Bxa4 30. Ra1 Bb5 31. Bd6 Rxg3 32.
f5 Re3 33. fxg6 fxg6 34. Bf4 Rb3 35. Bg5 Bd3 36. Bf3 Be4 37. Ra8+ Kf7 38. Ra7+ Ke8 39. Bxe4 dxe4 40. Re7+ Kf8 41. Rxe6 e3 42. d5 Rd3 43. d6 Rd5 44. Bd8 Re5 45. Rxg6 e2 46. Bh4 e1=Q+ 47. Bxe1 Rxe1+ 48. Kg2 Rd1 49. Kg3 Kf7 50.
Rg5 Nf6 51. Ra5 Rxd6 52. Kh4 Kg6 53. Rg5+ Kh6 54. Rf5 Rd4+ 55. Kg3 Ne4+ 56. Kf4 Nd6+ 0-1

[Event "*** Titled Tuesday Blitz"]
[Site "Chess.com"]
[Date "2020.03.03"]
[Round "9"]
[White "Saloni1299"]
[Black "mortngabriel"]
[Result "1-0"]
[WhiteElo "2095"]
[BlackElo "2382"]
[TimeControl "180+1"]
[EndTime "10:43:37 PST"]
[Termination "Saloni1299 won by checkmate"]

1. e4 c6 2. d4 d5 3. e5 Bf5 4. h4 h5 5. Bd3 Bxd3 6. Qxd3 e6 7. Bg5 Qb6 8. Nd2 Ne7 9. c4 Nf5 10. Ne2 Bb4 11. b3 Nd7 12. O-O f6 13. Bf4 Nxh4 14.
exf6 gxf6 15. Ng3 O-O-O 16. Rae1 Rde8 17. c5 Qd8 18. a3 Ba5 19. b4 Bc7 20. Bxc7 Qxc7 21.
b5 e5 22. bxc6 Qxc6 23. Nb3 e4 24. Qc3 f5 25. Na5 Qc7 26. Qb4 f4 27. c6 bxc6 28. Rc1 c5 29. Qb5 fxg3 30. Qa6+ Kb8 31. Rb1+ Nb6 32.
dxc5 gxf2+ 33. Rxf2 e3 34. cxb6 exf2+ 35. Kh1 f1=Q+ 36.
Rxf1 Qxb6 37. Nc6+ Ka8 38. Qxb6 axb6 39. Rf7 Rhg8 40.
Ra7# 1-0

[Event "*** Titled Tuesday Blitz"]
[Site "Chess.com"]
[Date "2020.03.03"]
[Round "9"]
[White "rpragchess"]
[Black "Oleksandr_Bortnyk"]
[Result "1-0"]
[WhiteElo "2799"]
[BlackElo "2945"]
[TimeControl "180+1"]
[EndTime "10:43:39 PST"]
[Termination "rpragchess won by checkmate"]

1. Nf3 Nf6 2. g3 b6 3. Bg2 Bb7 4. O-O g6 5. c4 Bg7 6. d4 O-O 7. d5 e6 8. Nc3 exd5 9. cxd5 Re8 10. Bg5 h6 11. Bf4 Na6 12. Rc1 c6 13. Nd4 cxd5 14.
Ncb5 Ne4 15. a3 Bc6 16. b4 g5 17. Be3 Nb8 18. Qd3 a6 19. Nc3 Bb7 20. Na4 b5 21. Nc5 Bc6 22. Nf5 Qf6 23. g4 Bf8 24. Bd4 Qg6 25. Bb2 f6 26. Rfd1 Qf7 27. Qh3 Qg6 28. Qb3 Qf7 29. Nd3 a5 30. Nd4 axb4 31. Nxb4 Bxb4 32. axb4 Qf8 33. Nf5 Kh7 34. Rxd5 Bxd5 35.
Qxd5 Nxf2 36. Qxa8 Nxg4 37. Qf3 Qxb4 38. Bd4 Ne5 39. Qh5 Kg8 40. Bd5+ Re6 41. Bxe6+ dxe6 42. Qe8+ Kh7 43. Rc7+ Nbd7 44. Rxd7+ Nxd7 45. Qf7+ Kh8 46. Qg7# 1-0

[Event "*** Titled Tuesday Blitz"]
[Site "Chess.com"]
[Date "2020.03.03"]
[Round "9"]
[White "MikaelyanArman"]
[Black "ural58"]
[Result "1-0"]
[WhiteElo "2640"]
[BlackElo "2423"]
[TimeControl "180+1"]
[EndTime "10:43:40 PST"]
[Termination "MikaelyanArman won on time"]

1. e4 d5 2. exd5 Qxd5 3. Nc3 Qa5 4. d4 Nf6 5. Bd2 Bg4 6. Nf3 Nc6 7. Nb5 Qb6 8. c4 Bxf3 9. Qxf3 Nxd4 10. Nxd4 Qxd4 11. Qxb7 Qe4+ 12. Qxe4 Nxe4 13. Be3 e6 14. Bd3 Nc5 15. Bc2 O-O-O 16. Ke2 a5 17. a3 Na6 18. b4 Be7 19.
Ba4 axb4 20. Bb5 Nb8 21. axb4 c6 22. Ra7 Bxb4 23. Rb1 cxb5 24. cxb5 Rd7 25. Rxd7 Nxd7 26. Rxb4 Kb7 27. Rd4 Ne5 28. f4 Ng4 29. Rd7+ Kc8 30. Rxf7 Nxh2 31. Rxg7 h5 32. b6 Ng4 33.
Bc5 Rd8 34. Re7 Rd5 35. Ba3 e5 36. f5 Ra5 37. b7+ 1-0

[Event "*** Titled Tuesday Blitz"]
[Site "Chess.com"]
[Date "2020.03.03"]
[Round "9"]
[White "MartinMatthiesen"]
[Black "norwaytoadog"]
[Result "1-0"]
[WhiteElo "2532"]
[BlackElo "2266"]
[TimeControl "180+1"]
[EndTime "10:43:40 PST"]
[Termination "MartinMatthiesen won on time"]

1. e4 e5 2. Nc3 Nf6 3. Bc4 c6 4. Nf3 d6 5. a4 Be7 6. O-O O-O 7. d4 Qc7 8. Re1 Nbd7 9. Nh4 Re8 10. Nf5 Bf8 11. Ba2 a5 12. Be3 Nb6 13. Qf3 Be6 14.
Bg5 Nbd7 15. Rad1 h6 16. Nxh6+ gxh6 17. Bxf6 Nxf6 18. Qxf6 Bg7 19. Qh4 exd4 20. Bxe6 fxe6 21. Ne2 c5 22. Nf4 Qe7 23. Qh3 Qf6 24. Nh5 Qf7 25.
Rd3 Kh7 26. Rf3 Qe7 27. Rg3 Rg8 28. f4 Raf8 29. Rf1 Bf6 30. Rff3 Bh4 31. Rg4 Rxg4 32. Qxg4 Rg8 33. Qh3 Bf6 34. g4 Qf7 35. Kh1 Qg6 36. g5 1-0

[Event "*** Titled Tuesday Blitz"]
[Site "Chess.com"]
[Date "2020.03.03"]
[Round "9"]
[White "TreinadorBR"]
[Black "HouseOfDurin"]
[Result "1-0"]
[WhiteElo "2416"]
[BlackElo "2085"]
[TimeControl "180+1"]
[EndTime "10:43:41 PST"]
[Termination "TreinadorBR won on time"]

1. e4 c5 2. Nf3 Nc6 3. d4 cxd4 4. Nxd4 e5 5. Nb5 d6 6. N1c3 a6 7. Na3 b5 8. Nd5 Nf6 9. Nxf6+ Qxf6 10. c4 b4 11. Nc2 a5 12. Ne3 Be6 13. Nd5 Bxd5 14.
cxd5 Nd4 15. Be3 Be7 16. Bxd4 exd4 17. Bb5+ Kf8 18. O-O Qe5 19. Qd3 g5 20. Rac1 Kg7 21.
Bd7 Ra7 22. Bf5 h5 23. Rc4 Bf6 24. Rfc1 Rb8 25. Qf3 g4 26. Qd3 a4 27. g3 Rab7 28. Rc7 Bd8 29. R7c6 Bb6 30. R1c4 Bc5 31. Kg2 a3 32. b3 Rh8 33. Qe2 Rh6 34. Qd2 f6 35. Rc8 Qe7 36. Qd3 Rh8 37. Rc6 Rhb8 38. Qd2 Rb6 39. Rxb6 Rxb6 40. f3 gxf3+ 41. Kxf3 Rb8 42. h3 Rh8 43. Rc2 Qe5 44. Qf4 Qxf4+ 45. gxf4 1-0

[Event "*** Titled Tuesday Blitz"]
[Site "Chess.com"]
[Date "2020.03.03"]
[Round "9"]
[White "GMSrinath"]
[Black "Atakishiyev04"]
[Result "1-0"]
[WhiteElo "2873"]
[BlackElo "2696"]
[TimeControl "180+1"]
[EndTime "10:43:43 PST"]
[Termination "GMSrinath won by resignation"]

1. c4 Nf6 2. Nf3 g6 3. b3 Bg7 4. Bb2 O-O 5. g3 c6 6. Bg2 d5 7.
d3 Nbd7 8. O-O a6 9. Nc3 b5 10. cxd5 cxd5 11. b4 Bb7 12. a4 bxa4 13. Nxa4 Rc8 14. Ne5 Qc7 15. Nxd7 Nxd7 16. Bxg7 Kxg7 17. Qd2 Qd6 18. Rfb1 Bc6 19. Nc3 Bb7 20. b5 axb5 21. Nxb5 Qf6 22. Ra7 Bc6 23. Bxd5 Bxd5 24. Rxd7 Bc6 25.
Ra7 h5 26. Ra6 Rb8 27. Rc1 Rxb5 28. Raxc6 Qe5 29. Qc3 Qxc3 30. R1xc3 e6 31. Kg2 Rb7 32. Rc2 Rfb8 33. h4 Kf6 34. Kf3 Rb2 35. R2c4 R2b4 36. Rc7 Rxc4 37. dxc4 Rb2 38. c5 Rc2 39. c6 Rc4 40.
Ke3 Rc1 41. Kd4 e5+ 42. Kd5 Rd1+ 43. Kc5 Ke6 44. Rb7 Rc1+ 45. Kb6 Kd6 46. Rd7+ Ke6 47. Rd2 f5 48. c7 e4 49. Kb7 Rb1+ 50. Kc8 Rc1 51. Kd8 1-0

[Event "*** Titled Tuesday Blitz"]
[Site "Chess.com"]
[Date "2020.03.03"]
[Round "9"]
[White "vladislavkovalev"]
[Black "Alexander_Moskalenko"]
[Result "1-0"]
[WhiteElo "2908"]
[BlackElo "2843"]
[TimeControl "180+1"]
[EndTime "10:43:45 PST"]
[Termination "vladislavkovalev won by checkmate"]

1. e4 e6 2. d4 d5 3. Nd2 c5 4. Ngf3 cxd4 5. Nxd4 Nc6 6. Bb5 Bd7 7. Nxc6 bxc6 8. Bd3 Bd6 9. Qe2 Ne7 10. O-O O-O 11. e5 Bc7 12. Nf3 c5 13. b3 Ng6 14. Ng5 Qe8 15. f4 f5 16. c4 d4 17. Ba3 Bb6 18. b4 cxb4 19. Bxb4 h6 20. Nh3 Rf7 21. Bd6 Rc8 22. Rfc1 Ba5 23. Rab1 Bc3 24. c5 Bc6 25. Ba6 Bd5 26. Bxc8 Kh7 27. Ba6 Nh4 28. Bc4 Bxg2 29. Qf2 Bxh3 30. Qxh4 Bg4 31. Rb8 Qc6 32. Bxe6 Bd2 33.
Rf1 Be3+ 34. Rf2 Rb7 35. Bg8+ Kg6 36. Rxb7 Qxb7 37. h3 Qb1+ 38. Kh2 Qe1 39. hxg4 Bxf2 40. Qh5# 1-0

[Event "*** Titled Tuesday Blitz"]
[Site "Chess.com"]
[Date "2020.03.03"]
[Round "9"]
[White "Funkmaus"]
[Black "j2806"]
[Result "1/2-1/2"]
[WhiteElo "2203"]
[BlackElo "1975"]
[TimeControl "180+1"]
[EndTime "10:43:47 PST"]
[Termination "Game drawn by repetition"]

1. d4 Nf6 2. Nf3 e6 3. g3 d5 4. Bg2 Be7 5. O-O O-O 6. c3 c5 7.
Nbd2 Nc6 8. Re1 b6 9. a4 Bb7 10. Nb3 Rc8 11. a5 cxd4 12. axb6 axb6 13. Nbxd4 Nxd4 14. Nxd4 Bc5 15. Bg5 h6 16. Bxf6 Qxf6 17. e3 Rfd8 18.
Ra7 Rb8 19. Qf3 Qxf3 20. Bxf3 b5 21. Nxb5 Bxa7 22. Nxa7 Rd6 23. b4 Ba8 24. Ra1 Rd7 25. Be2 Rc7 26. Nb5 Rcc8 27. Ra3 Bc6 28. Nd4 Bd7 29. f4 Ra8 30. Rb3 Ra1+ 31. Kf2 Rc1 32. b5 R1xc3 33. Rb4 Rb8 34. b6 Rc5 35. b7 Rc7 36. Ba6 Bc6 37. Nb5 Bxb5 38. Rxb5 Kf8 39. Ke2 Rc6 40. Ra5 Rxa6 41. Rxa6 Rxb7 42. Kf3 Ke7 43.
h3 Kf6 44. g4 Rb3 45. Ra4 g6 46. h4 Kg7 47. Rd4 Kf6 48. Ra4 Kg7 49. Rd4 Kf6 50. Ra4 1/2-1/2

[Event "*** Titled Tuesday Blitz"]
[Site "Chess.com"]
[Date "2020.03.03"]
[Round "9"]
[White "Leonid_Starozhilov"]
[Black "vovachesss"]
[Result "1-0"]
[WhiteElo "2719"]
[BlackElo "2573"]
[TimeControl "180+1"]
[EndTime "10:43:51 PST"]
[Termination "Leonid_Starozhilov won on time"]

1. b3 e5 2. Bb2 Nc6 3. e3 Bb4 4. Bb5 Nge7 5. Ne2 O-O 6. O-O d6 7. d4 exd4 8. Nxd4 Bc5 9. Nxc6 Nxc6 10. Nd2 Qg5 11. Ne4 Qg6 12. Bd3 Bf5 13. Qf3 Ne7 14. Nxc5 dxc5 15. e4 Be6 16. Qe3 b6 17. Rae1 Nc6 18.
Qf4 Rac8 19. Re3 Nd4 20. Rg3 Qh5 21. Bxd4 cxd4 22. e5 c5 23. Qf6 g6 24. f4 Bd5 25. f5 Rc6 26. Qe7 Qh6 27. e6 Bxe6 28. fxe6 Rxe6 29. Qc7 Qg7 30. Qf4 a5 31. h4 Rfe8 32.
h5 Re3 33. h6 Qf8 34. Rgf3 Rxf3 35. Rxf3 Re7 36. Bc4 1-0

[Event "*** Titled Tuesday Blitz"]
[Site "Chess.com"]
[Date "2020.03.03"]
[Round "9"]
[White "elohunter1999"]
[Black "AndreyNeves"]
[Result "1-0"]
[WhiteElo "2439"]
[BlackElo "2201"]
[TimeControl "180+1"]
[EndTime "10:43:51 PST"]
[Termination "elohunter1999 won by resignation"]

1. e4 c5 2. Nf3 Nc6 3. d4 cxd4 4.
Nxd4 Nf6 5. Nc3 e5 6. Ndb5 d6 7.
Nd5 Nxd5 8. exd5 Ne7 9. c4 Ng6 10. Qa4 Bd7 11. Qb4 Qb8 12. h4 a6 13. Nc3 h5 14. Be3 Be7 15. g3 a5 16. Qb3 a4 17.
Qb4 Bd8 18. O-O-O Ba5 19. Qa3 Bxc3 20. Qxc3 Qc7 21. Kb1 f5 22. f4 O-O-O 23. Bg2 Kb8 24. c5 Bb5 25. Rc1 e4 26. c6 Bd3+ 27. Ka1 Ne7 28. Qb4 Nxd5 29. Qd4 Nxe3 30. Qxe3 bxc6 31.
Rhd1 c5 32. Rxd3 exd3 33. Qxd3 Qb6 34. Qxf5 Rhe8 35. Qd5 Re2 36. Rb1 Kc7 37. b3 a3 38.
b4 c4 39. Qxc4+ Kb8 40. Qd5 Ka7 41. Rc1 Qxb4 42. Rc7+ Kb8 43. Rb7+ Ka8 44. Rxb4+ 1-0

[Event "*** Titled Tuesday Blitz"]
[Site "Chess.com"]
[Date "2020.03.03"]
[Round "9"]
[White "EugeneRougon"]
[Black "Zq1"]
[Result "0-1"]
[WhiteElo "2690"]
[BlackElo "2574"]
[TimeControl "180+1"]
[EndTime "10:43:55 PST"]
[Termination "Zq1 won by resignation"]

1. e4 c5 2. Nf3 d6 3. d4 cxd4 4.
Nxd4 Nf6 5. Nc3 Nc6 6. Bg5 e6 7. Qd2 Be7 8. O-O-O Nxd4 9. Qxd4 a6 10. h4 b5 11. f3 Bb7 12. Qd2 Qc7 13. Kb1 Rd8 14. Bd3 b4 15. Ne2 d5 16. e5 Ne4 17. fxe4 dxe4 18. Bxe7 Qxe7 19. Bb5+ axb5 20. Qxd8+ Qxd8 21. Rxd8+ Kxd8 22. Nd4 e3 23. Re1 Bxg2 24. Rxe3 Ke7 25. Nxb5 Rd8 26. Kc1 Bc6 27. Nd6 f6 28. Nc4 Bb5 29.
exf6+ gxf6 30. Nd2 f5 31. Nf3 Kf6 32. Ne5 Rd5 33.
Nf3 e5 34. Ng5 h6 35. Nh3 f4 36. Rb3 Be2 37. Nf2 Rd4 38. c3 bxc3 39. bxc3 Ra4 40. a3 Kf5 41. Kd2 Bc4 42. Rb4 Rxb4 43. cxb4 e4 44. Nd1 e3+ 45. Nxe3+ fxe3+ 46. Kxe3 Kg4 47. Kd4 Bf1 48. a4 Kxh4 49. b5 Kg4 50. Kc5 h5 51. a5 h4 52. b6 Ba6 0-1

[Event "*** Titled Tuesday Blitz"]
[Site "Chess.com"]
[Date "2020.03.03"]
[Round "9"]
[White "riconaipe"]
[Black "VALPARAISO37"]
[Result "1/2-1/2"]
[WhiteElo "2571"]
[BlackElo "2412"]
[TimeControl "180+1"]
[EndTime "10:43:55 PST"]
[Termination "Game drawn - insufficient material"]

1. e4 e5 2. Nf3 Nc6 3. Bc4 Bc5 4.
O-O d6 5. c3 Nf6 6. d4 Bb6 7.
dxe5 dxe5 8. Qxd8+ Nxd8 9. Nxe5 Nxe4 10. Nd2 Nd6 11. Ndf3 O-O 12. Bb3 Be6 13. Bf4 Bxb3 14. axb3 Ne6 15. Bg3 Rad8 16. Rfd1 f6 17. Nc4 Nxc4 18.
bxc4 g5 19. b4 c6 20. c5 Bc7 21. Bd6 Bxd6 22. cxd6 a6 23. c4 Kf7 24. c5 h5 25. h3 f5 26. Nd4 Nxd4 27. Rxd4 Rfe8 28. g4 hxg4 29. hxg4 f4 30. Kg2 Kg6 31. Rh1 Re5 32. Kf3 a5 33. Rb1 axb4 34. Rbxb4 Rd7 35. Rbc4 Kf6 36. Re4 Ke6 37. Rb4 Kd5 38. Rxe5+ Kxe5 39. Re4+ Kf6 40. Ke2 b5 41. cxb6 Rxd6 42. b7 Rd8 43.
Rb4 Rb8 44. Kd3 Ke6 45. Ke4 c5 46. Rb6+ Kd7 47. Kd5 Kc7 48. Kxc5 Rxb7 49. Rxb7+ Kxb7 50. Kd5 Kc7 51. Ke5 Kc6 52. f3 Kc5 53. Kf5 Kd4 54.
Kxg5 Ke3 55. Kh4 Kxf3 56. g5 Ke2 57. g6 f3 58. g7 f2 59. g8=Q f1=Q 60. Qa2+ Kf3 61.
Qa8+ Ke2 62. Qa6+ Kf2 63. Qb6+ Ke2 64. Qb5+ Kf2 65. Qc5+ Ke2 66. Qc4+ Kf2 67. Qd4+ Ke2 68. Qe4+ Kf2 69. Qd4+ Ke2 70. Qb2+ Kf3 71. Qc3+ Ke2 72. Qc2+ Kf3 73. Qc6+ Ke2 74. Kg3 Qg1+ 75. Kf4 Qh2+ 76. Kf5 Qh5+ 77. Ke6 Qg6+ 78. Kd7 Qf7+ 79. Kc8 Qf5+ 80.
Kb7 Qb1+ 81. Kc7 Qd3 82. Qg2+ Ke3 83. Qg3+ Ke4 84. Qg4+ Ke3 85. Qg3+ Ke4 86. Qg2+ Ke3 87. Kc6 Qe4+ 88. Qxe4+ Kxe4 1/2-1/2

[Event "*** Titled Tuesday Blitz"]
[Site "Chess.com"]
[Date "2020.03.03"]
[Round "9"]
[White "Parhamov"]
[Black "Fandorine"]
[Result "1-0"]
[WhiteElo "3060"]
[BlackElo "2884"]
[TimeControl "180+1"]
[EndTime "10:43:59 PST"]
[Termination "Parhamov won by resignation"]

1. e4 e5 2. Nf3 Nc6 3. Bb5 a6 4. Ba4 Nf6 5. O-O Be7 6. Re1 b5 7. Bb3 d6 8. c3 O-O 9. d4 Bg4 10.
Be3 Bh5 11. Nbd2 exd4 12. cxd4 Nb4 13. Qb1 Bg6 14. a3 Nbd5 15. Bg5 h6 16. Bh4 c5 17.
Bc2 Nf4 18. e5 dxe5 19. dxe5 N6d5 20. Bxg6 Nxg6 21. Bg3 Ngf4 22. Qe4 Ne6 23. Rad1 Nb6 24. Nc4 Nxc4 25. Rxd8 Rfxd8 26. Qc2 Bf8 27. h4 Rd5 28. a4 Rad8 29. axb5 axb5 30. h5 Nd2 31. Nh4 Nc4 32.
Nf5 Rd2 33. Qe4 Nxb2 34. Qg4 Kh8 35. Nd6 Bxd6 36. exd6 Nc4 37. Qf5 Nxd6 38. Bxd6 R2xd6 39. Qxf7 Ng5 40. Re8+ Rxe8 41. Qxe8+ Kh7 42. f4 Re6 43. Qxb5 Ne4 44. Qd7 Rf6 45. Qc7 c4 46. Qe5 c3 1-0

[Event "*** Titled Tuesday Blitz"]
[Site "Chess.com"]
[Date "2020.03.03"]
[Round "9"]
[White "wonderfultime"]
[Black "AtabayevSaparmyrat"]
[Result "1-0"]
[WhiteElo "3020"]
[BlackElo "2791"]
[TimeControl "180+1"]
[EndTime "10:43:59 PST"]
[Termination "wonderfultime won by checkmate"]

1. d4 Nf6 2. Nf3 g6 3. Bg5 Bg7 4. Nbd2 O-O 5. e3 d6 6. Be2 Nbd7 7. O-O b6 8. a4 a5 9. h3 Ba6 10. Bxa6 Rxa6 11. e4 Ra8 12. c3 e5 13. Re1 h6 14.
Bh4 Re8 15. Qc2 Qc8 16. Bg3 Qb7 17. Bh2 Rac8 18. dxe5 Nxe5 19. Nd4 Ned7 20. Re2 Re7 21. Rae1 Rce8 22. Nb5 Nc5 23. f3 Nfd7 24. b4 Na6 25.
bxa5 bxa5 26. Nc4 Ne5 27. Ne3 Rd7 28. Kh1 c6 29. Nd4 Rde7 30. f4 Nd7 31. Nc4 Qc7 32. e5 dxe5 33. fxe5 Nxe5 34. Nxe5 Bxe5 35. Rxe5 Rxe5 36.
Rxe5 Rxe5 37. Nf3 f6 38. Nxe5 fxe5 39. Qxg6+ Kf8 40. Qxh6+ Ke7 41. Qg7+ Ke6 42. Qg6+ Kd5 43. Qd3+ Ke6 44. Qc4+ Kf6 45. Qxa6 Qd6 46. Qf1+ Ke6 47. Bg1 Qd5 48. h4 e4 49. Qf4 Qd3 50. Bd4 Kd5 51.
Qe5+ Kc4 52. Qe6# 1-0

[Event "*** Titled Tuesday Blitz"]
[Site "Chess.com"]
[Date "2020.03.03"]
[Round "9"]
[White "inegrepus"]
[Black "Vyacheslav_N"]
[Result "0-1"]
[WhiteElo "2300"]
[BlackElo "2564"]
[TimeControl "180+1"]
[EndTime "10:44:00 PST"]
[Termination "Vyacheslav_N won by checkmate"]

1. d4 d5 2. c4 c6 3. Nf3 Nf6 4.
e3 a6 5. b3 Bf5 6. Bb2 h6 7.
Be2 Nbd7 8. O-O b5 9. Nbd2 g5 10. h3 Bg7 11. Ne5 Rc8 12. Rc1 Nxe5 13. dxe5 Ne4 14. Nf3 e6 15. Qd4 c5 16. Qd1 dxc4 17. bxc4 Qxd1 18. Rfxd1 b4 19. g4 Bh7 20. Nd2 O-O 21.
Nxe4 Bxe4 22. f3 Bc6 23. Rd6 a5 24. Rcd1 a4 25. f4 a3 26. Bc1 Be4 27. Bd3 Bc6 28.
Kf2 Rfe8 29. Be2 Be4 30. Bf3 Bb1 31. R6d2 f6 32. Bxa3 Bg6 33. exf6 Bxf6 34. Bb2 Bc3 35. Bxc3 bxc3 36. Rd7 Rb8 37. f5 exf5 38. Bd5+ Kh8 39. Rc1 fxg4 40. Rxc3 gxh3 41. e4 g4 42. Kg3 Rb2 43.
Kxg4 h2 44. Rh3 h5+ 45. Kg5 Rg2+ 46. Kh6 Bxe4 47. Rxh5 Rg6# 0-1

[Event "*** Titled Tuesday Blitz"]
[Site "Chess.com"]
[Date "2020.03.03"]
[Round "9"]
[White "csati17"]
[Black "Vaathi_Coming"]
[Result "0-1"]
[WhiteElo "2611"]
[BlackElo "2844"]
[TimeControl "180+1"]
[EndTime "10:44:02 PST"]
[Termination "Vaathi_Coming won by resignation"]

1. c4 Nf6 2. Nc3 e6 3. e4 d5 4. cxd5 exd5 5. e5 Ne4 6. Nf3 Nc6 7. d4 Bb4 8. Qc2 Bg4 9. Be3 O-O 10. Bd3 f5 11. exf6 Qxf6 12. Bxe4 dxe4 13. Qxe4 Bxf3 14. gxf3 Rae8 15. Qd5+ Kh8 16. O-O-O Qxf3 17. Qxf3 Rxf3 18.
d5 Bxc3 19. dxc6 Bf6 20. Rd7 bxc6 21. Rxc7 h5 22. Rxc6 Kh7 23. b3 Rh3 24. Kd2 a5 25. Rc5 Re5 26. Rxe5 Bxe5 27. f4 Bc7 28. Ke2 Kg6 29.
Rg1+ Kf5 30. Rg2 Ke4 31. Bd2 Bxf4 32. Bxa5 g5 33. Be1 Rxh2 34. Rxh2 Bxh2 35. Kf1 Kf3 36.
b4 g4 37. b5 Bc7 38. a4 Bd8 39. a5 h4 40. a6 g3 41. Bf2 g2+ 42. Ke1 Ba5+ 43.
Kd1 Kxf2 44. a7 g1=Q+ 45. Kc2 Qg2 46. Kb3 Qb7 47. b6 Bxb6 48. Ka4 0-1

[Event "*** Titled Tuesday Blitz"]
[Site "Chess.com"]
[Date "2020.03.03"]
[Round "9"]
[White "ChessWarrior7197"]
[Black "Sanan_Sjugirov"]
[Result "1-0"]
[WhiteElo "2922"]
[BlackElo "2842"]
[TimeControl "180+1"]
[EndTime "10:44:04 PST"]
[Termination "ChessWarrior7197 won by resignation"]

1. e4 g6 2. d4 Bg7 3. Nf3 d6 4.
Be2 Nf6 5. Nc3 O-O 6. O-O a6 7.
a4 Nc6 8. d5 Nb4 9. Nd4 c5 10.
Nf3 e6 11. dxe6 Bxe6 12. Bg5 h6 13. Bh4 Re8 14. Re1 Qc7 15. Qc1 Nh5 16. Rd1 g5 17.
Bg3 Nxg3 18. hxg3 Rad8 19. Ra3 Qe7 20. Bf1 Qf6 21. Nd2 Bg4 22. Re1 d5 23. Nxd5 Qxb2 24. Qxb2 Bxb2 25. Rb3 Bg7 26. Reb1 Nxd5 27. exd5 Rxd5 28.
Nc4 Be6 29. Rxb7 Red8 30. Rb8 Bf6 31. Bd3 Kg7 32. Rxd8 Rxd8 33. Ne3 Rd4 34. Bxa6 Rxa4 35. Bd3 c4 36. Bf5 Bd4 37. Rb7 Kf6 38. Bxe6 fxe6 39.
Ng4+ Kg6 40. Rd7 c3 41. Rd6 h5 42. Ne3 Bxe3 43. Rxe6+ Kf5 44. Rxe3 Rc4 45. f3 g4 46.
Kf2 Rc6 47. Rd3 Ke5 48. Ke3 Rc7 49. f4+ Kf5 50. Rd5+ Kf6 51. Rxh5 Re7+ 52. Kd3 Re1 53. Rg5 1-0

[Event "*** Titled Tuesday Blitz"]
[Site "Chess.com"]
[Date "2020.03.03"]
[Round "9"]
[White "Safar_From_Afar"]
[Black "Rubinstein_Akiba"]
[Result "1-0"]
[WhiteElo "2153"]
[BlackElo "2284"]
[TimeControl "180+1"]
[EndTime "10:44:06 PST"]
[Termination "Safar_From_Afar won by checkmate"]

1. e4 c5 2. Nc3 Nc6 3. Bb5 Nd4 4. Nf3 Nxb5 5. Nxb5 a6 6. Nc3 d6 7. d4 cxd4 8. Qxd4 Bg4 9. Be3 Nf6 10. O-O-O Qa5 11. Rhe1 e5 12. Qd3 Be7 13. Bg5 Be6 14. Bxf6 gxf6 15.
Kb1 Rc8 16. Nd2 Rg8 17. g3 Kf8 18. Nf1 Bc4 19. Qd2 b5 20. Ne3 b4 21. Nxc4 bxc3 22. Nxa5 cxd2 23. Rxd2 d5 24. Rxd5 Bb4 25. Red1 Kg7 26.
c3 Be7 27. Rd7 Rge8 28. Nb7 Rb8 29. Nd6 Bxd6 30. R1xd6 Rec8 31. Kc2 Rc5 32. Rxa6 Rcb5 33. b3 Kg6 34. Raa7 Rc5 35. Rxf7 Kg5 36. f3 Rg8 37.
Rg7+ Rxg7 38. Rxg7+ Kh6 39. Rb7 Ra5 40. a4 Ra6 41. c4 Kg6 42. c5 h5 43. Rb6 Ra7 44. c6 Rc7 45. b4 f5 46. exf5+ Kxf5 47. b5 Ke6 48. Rb7 Rc8 49. c7 Kd6 50. a5 Rf8 51. a6 Rxf3 52. c8=Q Rf2+ 53. Kd3 Rf3+ 54. Ke4 Rf4+ 55.
gxf4 exf4 56. Rd7+ Ke6 57. Qe8+ Kf6 58. Rf7+ Kg6 59. Qg8+ Kh6 60. Rh7# 1-0

[Event "*** Titled Tuesday Blitz"]
[Site "Chess.com"]
[Date "2020.03.03"]
[Round "9"]
[White "Alopekos"]
[Black "Irishchessman16"]
[Result "1-0"]
[WhiteElo "2437"]
[BlackElo "2204"]
[TimeControl "180+1"]
[EndTime "10:44:12 PST"]
[Termination "Alopekos won by resignation"]

1. d4 Nf6 2. c4 e6 3. Nf3 b6 4. e3 Bb7 5. Bd3 d5 6. O-O Bd6 7. b3 O-O 8. Bb2 Nbd7 9. Ne5 c5 10. f4 cxd4 11. exd4 Ne4 12. Nc3 f6 13. Nxd7 Qxd7 14. Qe2 Nxc3 15. Bxc3 Rae8 16. Rae1 Qc7 17. f5 Bxh2+ 18.
Kh1 e5 19. Bb4 e4 20. Bxf8 Rxf8 21. Bb1 Bg3 22. Rd1 Ba6 23. Qg4 dxc4 24. Bxe4 cxb3 25. Bd5+ Kh8 26. Rf3 Be2 27. Qxg3 Qxg3 28. Rxg3 Bxd1 29. Bxb3 Bxb3 30. Rxb3 Rd8 31. Rd3 Rd5 32. g4 h5 33.
gxh5 Kg8 34. Kg2 Rxf5 35. d5 Kf8 36. d6 Ke8 37. Ra3 Ra5 38. Rg3 Rxa2+ 39. Kh3 Ra5 40. Kh4 Ra4+ 41. Kh3 Rd4 42. Rxg7 Rxd6 43. h6 f5 44. h7 Rh6+ 45. Kg3 Kf8 46. Rg8+ Kf7 47. h8=Q Rh3+ 48. Qxh3 Kxg8 49. Qxf5 b5 50. Qxb5 Kg7 51. Qa6 Kf7 52. Qxa7+ Ke6 53. Kf4 Kd5 54. Qa6 1-0

[Event "*** Titled Tuesday Blitz"]
[Site "Chess.com"]
[Date "2020.03.03"]
[Round "9"]
[White "giantslayer83"]
[Black "Gahan-MG"]
[Result "1/2-1/2"]
[WhiteElo "2645"]
[BlackElo "2494"]
[TimeControl "180+1"]
[EndTime "10:44:13 PST"]
[Termination "Game drawn - insufficient material"]

1. d4 Nf6 2. Bg5 Ne4 3. Bf4 d5 4. e3 c5 5. Bd3 Qb6 6. Bxe4 dxe4 7. Nc3 cxd4 8. exd4 Bf5 9. Nge2 e6 10. O-O Be7 11.
Ng3 Qxb2 12. Ncxe4 O-O 13. Rb1 Qxa2 14. Rxb7 Nc6 15. Nxf5 exf5 16. d5 Rfd8 17. Nc3 Qc4 18. Qe2 Qxe2 19. Nxe2 Rxd5 20. Rc7 Rc5 21. Ng3 Bf8 22. Be3 Rxc2 23. Nxf5 Nd4 24. Ne7+ Bxe7 25. Rxe7 Nf5 26. Rxa7 Rxa7 27. Bxa7 f6 28. Rb1 Nd6 29. g3 Kf7 30. Kg2 g5 31. Rb6 Ne4 32. Rb7+ Kg6 33. Re7 Nd6 34. Rd7 Nb5 35. Be3 h5 36. h3 Rc4 37. Rd5 Nc3 38. Rd6 Ne4 39. Rb6 Kf5 40. Kf3 Nc3 41. Ra6 Nd5 42. Ra5 g4+ 43. hxg4+ hxg4+ 44. Ke2 Ke4 45. Bd2 f5 46. Ra8 f4 47. Re8+ Kf5 48. Rf8+ Ke5 49. gxf4+ Nxf4+ 50. Bxf4+ Rxf4 51. Rxf4 Kxf4 52. Kf1 g3 53. fxg3+ Kxg3 1/2-1/2

[Event "*** Titled Tuesday Blitz"]
[Site "Chess.com"]
[Date "2020.03.03"]
[Round "9"]
[White "ZWISCHENZUGGED"]
[Black "chigorin28"]
[Result "1-0"]
[WhiteElo "2560"]
[BlackElo "2672"]
[TimeControl "180+1"]
[EndTime "10:44:17 PST"]
[Termination "ZWISCHENZUGGED won by checkmate"]

1. d4 Nf6 2. c4 c5 3. d5 b5 4. cxb5 a6 5. bxa6 Bxa6 6. Nc3 d6 7. e4 Bxf1 8. Kxf1 g6 9. g3 Bg7 10. Nf3 O-O 11. Kg2 Nbd7 12. a4 Qa5 13. Bd2 Qb6 14. Qe2 Rfb8 15. Nb5 Ne8 16. Rhb1 Nc7 17. Nxc7 Qxc7 18.
Ra2 Qa7 19. b3 h5 20. Bg5 Bf6 21. Bxf6 Nxf6 22. Rd2 Rb7 23. e5 Ng4 24. e6 f5 25. h3 Nf6 26. Ng5 Rb4 27. Qe3 Kg7 28.
Nf7 Ng8 29. f3 c4 30. Qc3+ Nf6 31. Qxb4 Qe3 32. Rbd1 c3 33. Rc2 h4 34. Qxh4 Nh5 35. Qd4+ Qxd4 36. Rxd4 f4 37. gxf4 Nf6 38. Rxc3 Nh5 39.
Rc7 Rb8 40. Rxe7 Rxb3 41. Ng5+ Kg8 42. Rc4 Rb2+ 43. Kg1 Rb1+ 44. Kf2 Rb2+ 45. Ke3 Rb3+ 46. Kd2 Rb8 47. Rcc7 Ra8 48. Ra7 Rb8 49. Rab7 Ra8 50. Nh7 Rc8 51. Rbc7 Rb8 52. a5 Ra8 53. Kc1 Rb8 54.
a6 Ra8 55. a7 g5 56. fxg5 Kh8 57. Nf6 Ng7 58. Rxg7 Rxa7 59. Rh7# 1-0